 Dungeon Crawl Stone Soup version 0.30-a0-12-gd8047c6341 (webtiles) character file.

Game seed: 5741000806453328621

9 ytrimaz the Insei (level 2, 19/21 HPs)
             Began as a Demonspawn Transmuter on Aug 23, 2022.
             Quit the game on level 1 of the Dungeon.
             The game lasted 00:00:25 (487 turns).

ytrimaz the Insei (Demonspawn Transmuter)            Turns: 487, Time: 00:00:26

Health: 19/21      AC:  2    Str: 10    XL:     2   Next: 3%
Magic:  5/5        EV: 12    Int: 14    God:
Gold:   9          SH:  0    Dex: 13    Spells: 4/5 levels left

rFire   . . .      SeeInvis .      - Unarmed
rCold   . . .      Faith    .    (no shield)
rNeg    . . .      Spirit   .    a - +0 robe
rPois   .          Reflect  .    (helmet restricted)
rElec   .          Harm     .    (no cloak)
rCorr   .          Rampage  .    (no gloves)
Will    .....                    (no boots)
Stlth   +.........               (no amulet)
HPRegen 0.07/turn                (no ring)
MPRegen 0.09/turn                (no ring)

@: no status effects
A: antennae 1
a: no special abilities


You were on level 1 of the Dungeon.
You visited 1 branch of the dungeon, and saw 1 of its levels.

You collected 9 gold pieces.

Inventory:

Armour
 a - a +0 robe (worn)
Scrolls
 d - a scroll of magic mapping {unknown}
Potions
 b - a potion of lignification
 c - 2 potions of curing {unknown}


   Skills:
 + Level 1.0 Fighting
 - Level 1.7 Dodging
 + Level 3.2 Unarmed Combat
 - Level 2.0 Spellcasting
 - Level 1.7 Transmutations


You had 4 spell levels left.
You knew the following spells:

 Your Spells              Type           Power      Damage    Failure   Level
a - Beastly Appendage     Tmut           12%        N/A       12%         1

Your spell library contained the following spells:

 Spells                   Type           Power      Damage    Failure   Level
 Wereblood                Tmut           6%         N/A       17%         2
 Spider Form              Tmut/Pois      3%         N/A       45%         3
 Ice Form                 Ice/Tmut       3%         N/A       86%         4


Dungeon Overview and Level Annotations

Branches:
Dungeon (1/15)

Altars:


Innate Abilities, Weirdness & Mutations

You have a pair of small antennae on your head.


Message History

The bat barely misses you.
You hit the bat.
The bat is moderately wounded.
The bat hits you but does no damage. x2
Your magical contamination has completely faded away.
You closely miss the bat.
The bat is moderately wounded.
The bat hits you but does no damage. The bat barely misses you.
The bat hits you but does no damage.
You miss the bat.
The bat is moderately wounded.
The bat closely misses you.
You completely miss the bat.
The bat is moderately wounded.
The bat hits you but does no damage.
A bat is nearby!
You closely miss the bat.
The bat is moderately wounded.
The bat hits you but does no damage.
A bat is nearby!
You miss the bat.
The bat is moderately wounded.
The bat hits you. The bat completely misses you.
A bat is nearby!
You hit the bat but do no damage.
The bat is moderately wounded.
The bat hits you.
A bat is nearby!
You hit the bat but do no damage.
The bat is moderately wounded.
The bat closely misses you. The bat hits you.
You barely miss the bat.
The bat is moderately wounded.
The bat hits you but does no damage. The bat closely misses you.
You hit the bat.
You kill the bat!
No target in view!
No target in view!
You see here a bat corpse.
Are you sure you want to abandon this character and quit the game? (Confirm with "yes".)

##.#
####....#
#@.......
#.#######
#.# #.# #.#
#.# #$# #.#
########.##


There were no monsters in sight!

Vanquished Creatures
  An endoplasm (D:1)
  2 giant cockroaches (D:1)
  A quokka (D:1)
  A ball python (D:1)
  3 bats (D:1)
8 creatures vanquished.

Notes
Turn   | Place    | Note
-------+----------+-------------------------------------------
     0 | D:1      | ytrimaz the Demonspawn Transmuter began the quest for the
                  | Orb.
     0 | D:1      | Reached XP level 1. HP: 15/15 MP: 3/3
   191 | D:1      | Reached skill level 3 in Unarmed Combat
   449 | D:1      | Lost mutation: You have a pair of horns on your head.
                  | [demonic ancestry]
   449 | D:1      | Lost mutation: You have a pair of small horns on your head.
                  | [demonic ancestry]
   449 | D:1      | Gained mutation: You have a pair of small antennae on your
                  | head. [demonic ancestry]
   449 | D:1      | Reached XP level 2. HP: 21/21 MP: 3/5
   487 | D:1      | Quit the game

Illustrated notes

Levels and vault maps discovered:
D:1:      amcnicky_arrival_feature_with_door, layout_basic

Skill      XL: |  1 |
---------------+----+-----
Unarmed Combat | 3 |  3.2
Fighting       | |  1.0
Dodging        | |  1.7
Spellcasting   | |  2.0
Transmutations | |  1.7

Action                   || total
-------------------------++-------
Melee: Unarmed           ||    28
       Kick              ||     4
       Headbutt          ||     1
 Cast: Beastly Appendage ||     5
Armor: Robe              ||    13
Dodge: Dodged            ||    23

Table legend: (Time is in decaauts)
 A = Elapsed time spent in this place.
 B = Non-inter-level travel time spent in this place.
 C = Inter-level travel time spent in this place.
 D = Time resting spent in this place.
 E = Time spent auto-exploring this place.
 F = Levels seen in this place.
 G = Mean time per level.
                   A        B        C        D        E       F      G
               +--------+--------+--------+--------+--------+-----+--------+
         Total |    485 |    485 |      0 |      0 |    418 |   1 |  485.0 |
       Dungeon |    485 |    485 |      0 |      0 |    418 |   1 |  485.0 |
               +--------+--------+--------+--------+--------+-----+--------+

Top non-repeatable levels by time:
     D:1: 485 daAuts
